 Dungeon Crawl Stone Soup version 0.21-a0-193-g085b6a0 (webtiles) character file.

42112 4thArraOfDagon the Severer (level 14, -5/190 HPs)
             Began as a Hill Orc Warper on Aug 14, 2017.
             Was a Priest of Elyvilon.
             Slain by Rupert
             ... wielding a +2 great mace of protection
              (27 damage)
             ... on level 3 of the Lair of Beasts.
             The game lasted 00:47:35 (11196 turns).

4thArraOfDagon the Severer (Hill Orc Warper)       Turns: 11196, Time: 00:47:36

Health: -5/190     AC: 27    Str: 19    XL:     14   Next: 18%
Magic:  20/23      EV:  2    Int: 23    God:    Elyvilon [***...]
Gold:   1577       SH:  0    Dex: 14    Spells: 0/16 levels left

rFire    . . .     SeeInvis .   t - +3 battleaxe
rCold    . . .     Gourm    .   (shield currently unavailable)
rNeg     + + +     Faith    +   (armour currently unavailable)
rPois    +         Spirit   .   (helmet currently unavailable)
rElec    .         Reflect  .   (cloak currently unavailable)
rCorr    .         Harm     .   (gloves currently unavailable)
MR       +....     NoTele   +   (boots currently unavailable)
Stlth    +.........             D - amulet of faith
HPRegen  0.41/turn              R - +4 ring of dexterity
MPRegen  0.18/turn              W - ring "Demoth" {Str+4 Int+4}

@: tree-form
A: clever 1
a: Lesser Healing, Heal Other, Purification, Divine Protection, Renounce
Religion


You were on level 3 of the Lair of Beasts.
You worshipped Elyvilon.
Elyvilon was most pleased with you.
You were hungry.
You were a tree.
You visited 3 branches of the dungeon, and saw 20 of its levels.
You also visited: Ossuary and Bailey.

You collected 1956 gold pieces.
You spent 379 gold pieces at shops.

Inventory:

Hand Weapons
 c - a +1 arbalest of flaming
 p - a +3 hand axe of electrocution
 t - a +3 battleaxe (weapon)
 O - a +0 battleaxe of flaming
Missiles
 a - a throwing net
 e - 5 tomahawks of dispersal (quivered)
 L - 41 bolts
Armour
 o - a scarf of repulsion (melded)
 u - a +1 pair of gloves (melded)
 I - the +1 ring mail of Absence (melded) {rPois Str+4 Int-5 Dex+2}
   (You found it on level 15 of the Dungeon)

   It affects your strength (+4).
   It affects your intelligence (-5).
   It affects your dexterity (+2).
   It protects you from poison.
Magical Staves
 s - an uncursed staff of power {unknown}
 S - an uncursed staff of death {unknown}
 U - an uncursed staff of fire {unknown}
 X - an uncursed staff of summoning {unknown}
Jewellery
 n - a -4 ring of intelligence
 r - an uncursed ring of protection from fire
 B - an uncursed ring of protection from magic
 C - an uncursed ring of protection from fire
 D - an amulet of faith (around neck)
 R - a +4 ring of dexterity (left branch)
 W - the ring "Demoth" (right branch) {Str+4 Int+4}
   (You found it on level 9 of the Dungeon)

   [ring of intelligence]

   It affects your strength (+4).
   It affects your intelligence (+4).
Wands
 J - a wand of disintegration (12/24)
 P - a wand of paralysis (9/24)
 T - a wand of lightning (2/15)
 Y - a wand of paralysis (0/24)
Scrolls
 d - 3 scrolls of blinking
 g - 6 scrolls of teleportation
 j - 7 scrolls of remove curse
 q - a scroll of recharging
 v - a scroll of brand weapon
 y - 3 scrolls of enchant weapon
 E - 2 scrolls of amnesia
 G - 2 scrolls of immolation
 H - 5 scrolls of fog
 M - 6 scrolls of fear
 N - a scroll of silence
 Z - a scroll of enchant armour
Potions
 i - 2 potions of brilliance
 m - 2 potions of flight
 x - 5 potions of curing
 z - 3 potions of haste
 A - a potion of cancellation
 F - 2 potions of agility
 K - a potion of might
 Q - 3 potions of heal wounds
 V - 2 potions of lignification
Miscellaneous
 b - a lightning rod (1/4)
 w - a fan of gales (inert)
Comestibles
 f - 6 bread rations
 k - 9 royal jellies
 l - 3 meat rations


   Skills:
 - Level 12.3 Fighting
 * Level 17.6 Axes
 - Level 0.8 Throwing
 - Level 5.2 Armour
 - Level 9.1 Dodging
 - Level 1.5 Spellcasting
 - Level 2.4 Translocations
 + Level 13.3 Invocations
 - Level 6.0 Evocations


You couldn't memorise any spells.
You knew the following spells:

 Your Spells              Type           Power        Failure   Level  Hunger
a - Blink                 Tloc           N/A          8%          2    ###....
b - Lesser Beckoning      Tloc           ##........   16%         3    ###....
c - Passage of Golubria   Tloc           N/A          45%         4    #####..
d - Lee's Rapid Deconstr  Erth           #.........   98%         5    ######.
e - Passwall              Tmut/Erth      #.........   21%         2    ###....


Dungeon Overview and Level Annotations

Branches:
Dungeon (15/15)            Temple (0/1) D:4            Lair (3/6) D:9
    Orc (2/2) D:12         Depths (0/5) D:15
  Swamp: Lair:2-4    Shoals: Lair:2-4     Snake: Lair:2-4    Spider: Lair:2-4
    Elf: Orc:2       Vaults: D:13-14

Altars:
Ashenzari
Dithmenos
Elyvilon
Fedhas
Makhleb
Uskayaw
Wu Jian
Xom
Zin

Shops:
D:9 (   D:15 ?   Orc:2 [

Annotations:
Lair:3 Rupert


Innate Abilities, Weirdness & Mutations

((You have sharp toenails.))
Your mind is acute. (Int +2)


Message History

Unknown command.
Unknown command.
Unknown command.
Unknown command.
Evoke which item? (* to show all) (? for menu, Esc to quit)
Aiming: Thunderbolt
Press: ? - help, Shift-Dir - straight line, f/p - Rupert
Aim: Rupert, wielding a great mace of protection and wearing a scale mail (heavily wounded, berserk, fast, unusually strong)
The thunderbolt hits Rupert.
Rupert is severely wounded.
The thunderbolt hits the yak.
You kill the yak!
The thunderbolt hits the yak.
The yak is severely wounded.
The thunderbolt hits the yak.
The yak is severely wounded.
The thunderbolt hits the plant.
The plant is almost destroyed.
Rupert hits you with a great mace of protection!!
You die...

##...## ....## #### .P#.#
##. ..# .##.# ..# #.# ###.#
..P #.#### # #.## #.P
##..#P####### # P..# #.#
#...........## ###..#
#.####...Y...P....Y .#..#
#.......♣@†YYP..... ....##
#...##..###........
P....####..####.# #..#....Y
............# ...##........
##...#.###.####............
###.##.# ..# ##.##.#P..###
#..... ... ######..#
###..#.#### ### ###..#


You could see Rupert (berserk) and 3 yaks.

Vanquished Creatures
  A hydra (Lair:1)
  2 centaur warriors (D:15)
  7 two-headed ogres
  3 death yaks (D:9)
  An unseen horror (D:12)
  3 orc knights
  A wolf spider zombie (D:14)
  2 orc sorcerers (D:15)
  An ugly thing (D:11)
  A manticore (D:12)
  A black mamba (Lair:2)
  A cyclops (D:13)
  An elephant (Lair:2)
  A gargoyle (D:12)
  5 spiny frogs
  5 komodo dragons
  A meliai (D:13)
  2 tengu conjurers (D:14)
  A queen bee (D:13)
  A troll (shapeshifter) (D:14)
  2 trolls (D:12)
  2 hornets (D:9)
  Prince Ribbit (D:6)
  8 blink frogs (Lair:2)
  5 slime creatures (D:13)
  4 hippogriffs
  A meliai zombie (D:13)
  A spriggan (Lair:2)
  21 yaks
  A basilisk (D:14)
  Menkaure (D:7)
  4 vampire mosquitoes (D:13)
  The ghost of p0werm0de the Gusty, an amateur DsAE of Uskayaw (Ossuary)
  A warg (Orc:1)
  2 soldier ants
  4 porcupines
  4 water moccasins
  2 black bears
  6 ice beasts
  12 orc warriors
  4 phantoms
  An ogre (shapeshifter) (D:13)
  4 necrophages
  4 wolves (Lair:3)
  11 ogres
  7 centaurs
  5 crocodiles
  6 big kobolds
  An elf zombie (Ossuary)
  13 bullfrogs
  2 gnoll sergeants (D:12)
  A wyvern zombie (D:12)
  A water moccasin zombie (D:11)
  A water moccasin skeleton (D:9)
  A scorpion (D:10)
  17 killer bees
  3 wights (D:8)
  6 crimson imps
  6 howler monkeys
  3 quasits
  A bullfrog zombie (D:13)
  7 jellies
  5 orc priests
  3 bullfrog skeletons
  3 centaur zombies
  5 hounds
  5 orc wizards
  3 worker ants
  2 iguanas
  A killer bee zombie (D:6)
  3 big kobold zombies (Ossuary)
  A hound zombie (Ossuary)
  4 mummies (Ossuary)
  9 gnolls
  12 adders
  5 shadow imps
  3 oozes
  An adder skeleton (D:5)
  An adder zombie (D:9)
  3 worms
  3 dart slugs
  5 leopard geckos
  46 orcs
  9 bats
  3 giant cockroaches
  18 goblins
  10 hobgoblins
  5 jackals
  21 kobolds
  3 quokkas
  3 ball pythons
  5 frilled lizards
  2 goblin zombies (Ossuary)
  A hobgoblin zombie (Ossuary)
  A jackal skeleton (D:5)
  A kobold zombie (Ossuary)
  A leopard gecko skeleton (D:7)
  An orc zombie (Ossuary)
  13 rats
  2 rat zombies (Ossuary)
  4 fungi
  4 plants (Lair:2)
459 creatures vanquished.

Vanquished Creatures (others)
  A tengu warrior (D:14)
  A deep elf mage (D:15)
  2 meliai
  An orc warrior (D:12)
  A centaur (D:13)
  A killer bee (D:12)
  2 worker ants
  4 orcs
13 creatures vanquished.

Grand Total: 472 creatures vanquished

Notes
Turn   | Place    | Note
-------+----------+-------------------------------------------
     0 | D:1      | 4thArraOfDagon the Hill Orc Warper began the quest for the Orb.
     0 | D:1      | Reached XP level 1. HP: 18/18 MP: 3/3
    54 | D:2      | Reached skill level 3 in Axes
    60 | D:2      | Reached XP level 2. HP: 17/25 MP: 1/4
   154 | D:2      | Found a blossoming altar of Fedhas.
   268 | D:3      | Found an ornate altar of the Wu Jian Council.
   334 | D:3      | Reached XP level 3. HP: 22/30 MP: 1/5
   481 | D:3      | Found a burning altar of Makhleb.
   482 | D:3      | Found a white marble altar of Elyvilon.
   484 | D:3      | Found a blossoming altar of Fedhas.
   484 | D:3      | Found a shadowy altar of Dithmenos.
   490 | D:3      | Became a worshipper of Elyvilon the Healer
   890 | D:1      | Reached skill level 4 in Axes
  1025 | D:1      | Reached XP level 4. HP: 32/37 MP: 6/6
  1487 | D:2      | Reached * piety under Elyvilon
  2177 | D:4      | Reached skill level 1 in Invocations
  2177 | D:4      | Reached XP level 5. HP: 43/45 MP: 7/7
  2217 | D:4      | Elyvilon protects you from harm!
  2218 | D:4      | Reached skill level 5 in Axes
  2218 | D:4      | HP: 1/45 [adder (5)]
  2570 | D:4      | Reached XP level 6. HP: 36/51 MP: 8/8
  2728 | D:4      | Found a staircase to the Ecumenical Temple.
  2880 | D:4      | You fall through a shaft for 2 floors!
  2930 | D:6      | Reached ** piety under Elyvilon
  2951 | D:5      | Entered Level 5 of the Dungeon
  2959 | D:5      | Reached skill level 6 in Axes
  3038 | D:5      | Reached XP level 7. HP: 33/59 MP: 9/9
  3353 | D:5      | Found a shimmering altar of Xom.
  3635 | D:5      | Reached skill level 7 in Axes
  3862 | D:6      | Reached XP level 8. HP: 60/67 MP: 6/11
  3992 | D:6      | Noticed Prince Ribbit
  4006 | D:6      | Killed Prince Ribbit
  4018 | D:6      | Found a shadowy altar of Dithmenos.
  4079 | D:6      | Reached *** piety under Elyvilon
  4109 | D:7      | Reached skill level 5 in Fighting
  4109 | D:7      | Reached skill level 8 in Axes
  4115 | D:7      | Found a sand-covered staircase.
  4139 | Ossuary  | Entered an ossuary
  4139 | Ossuary  | Noticed p0werm0de's ghost (amateur DsAE)
  4155 | Ossuary  | Killed p0werm0de's ghost
  4155 | Ossuary  | Reached skill level 5 in Invocations
  4360 | D:7      | Noticed Menkaure
  4371 | D:7      | Killed Menkaure
  4371 | D:7      | Reached skill level 5 in Armour
  4371 | D:7      | Reached XP level 9. HP: 11/74 MP: 11/13
  4453 | D:7      | Reached skill level 9 in Axes
  4840 | D:8      | Reached skill level 10 in Axes
  4996 | D:9      | Found a staircase to the Lair.
  4998 | D:9      | Noticed a death yak
  5002 | D:9      | Noticed a death yak
  5004 | D:9      | Noticed a death yak
  5047 | D:9      | Reached **** piety under Elyvilon
  5079 | D:9      | Reached skill level 5 in Dodging
  5210 | D:9      | Got an ancient pewter ring
  5212 | D:9      | Identified the ring "Demoth" {Str+4 Int+4} (You found it on level 9 of the Dungeon)
  5243 | D:9      | Found a shattered altar of Ashenzari.
  5413 | D:9      | Reached skill level 11 in Axes
  5413 | D:9      | Reached XP level 10. HP: 80/84 MP: 15/15
  5425 | D:10     | Entered Level 10 of the Dungeon
  5774 | D:10     | Reached skill level 12 in Axes
  5880 | D:11     | Noticed a green ugly thing
  5891 | D:11     | Killed a green ugly thing
  5929 | D:12     | Noticed a manticore
  5942 | D:12     | Killed a manticore
  5994 | D:12     | Reached ***** piety under Elyvilon
  5994 | D:12     | Noticed a gargoyle
  6010 | D:12     | Killed a gargoyle
  6010 | D:12     | Reached XP level 11. HP: 93/94 MP: 17/17
  6034 | D:12     | Reached skill level 13 in Axes
  6086 | D:12     | Found a staircase to the Orcish Mines.
  6195 | D:12     | Found a flagged portal.
  6203 | D:12     | Noticed a two-headed ogre
  6205 | Bailey   | Entered a bailey
  6341 | Bailey   | Noticed an orc knight
  6372 | Bailey   | Killed an orc knight
  6372 | Bailey   | Reached skill level 1 in Evocations
  6795 | D:13     | Reached skill level 10 in Invocations
  7066 | D:13     | Reached skill level 14 in Axes
  7148 | D:13     | Noticed a cyclops
  7161 | D:13     | Killed a cyclops
  7182 | D:13     | Reached XP level 12. HP: 86/105 MP: 5/19
  7184 | D:13     | Noticed a death knight
  7191 | D:14     | Noticed a catoblepas
  7192 | D:14     | Pacified a catoblepas
  7230 | D:14     | Noticed a tengu warrior
  7252 | D:14     | Killed a tengu warrior
  7387 | D:14     | Noticed an eight-headed hydra
  7388 | D:14     | Pacified an eight-headed hydra
  7479 | D:14     | Learned a level 2 spell: Blink
  7483 | D:14     | Learned a level 3 spell: Lesser Beckoning
  7488 | D:14     | Learned a level 4 spell: Passage of Golubria
  7514 | D:14     | Reached skill level 5 in Evocations
  7551 | D:14     | Noticed a five-headed hydra
  7552 | D:14     | Pacified a five-headed hydra
  7661 | D:14     | Reached skill level 10 in Fighting
  7781 | D:15     | Entered Level 15 of the Dungeon
  7796 | D:15     | Found a hide-covered altar of Uskayaw.
  8010 | D:15     | Noticed a sun demon
  8037 | D:15     | Reached skill level 15 in Axes
  8105 | D:15     | Noticed a centaur warrior
  8121 | D:15     | Killed a centaur warrior
  8322 | D:15     | Noticed a two-headed ogre
  8335 | D:15     | Killed a two-headed ogre
  8347 | D:15     | Learned a level 5 spell: Lee's Rapid Deconstruction
  8350 | D:15     | Got a polished ring mail
  8361 | D:15     | Identified the cursed +1 ring mail of Absence {rPois Str+4 Int-5 Dex+2} (You found it on level 15 of the Dungeon)
  8377 | D:15     | Noticed an ice dragon
  8377 | D:15     | Noticed an ice dragon
  8378 | D:15     | Pacified an ice dragon
  8380 | D:15     | Pacified an ice dragon
  8393 | D:15     | Found a staircase to the Depths.
  8509 | D:15     | Noticed a centaur warrior
  8520 | D:15     | Killed a centaur warrior
  8551 | D:15     | Found Ugunirei's Magic Scroll Emporium.
  8558 | D:15     | Bought a scroll of enchant weapon for 82 gold pieces
  8558 | D:15     | Bought a scroll of teleportation for 33 gold pieces
  8558 | D:15     | Bought a scroll of brand weapon for 220 gold pieces
  8558 | D:15     | Bought a scroll of teleportation for 33 gold pieces
  8558 | D:15     | Bought a scroll of noise for 11 gold pieces
  8634 | D:15     | Reached XP level 13. HP: 38/114 MP: 21/21
  8949 | D:13     | Gained mutation: You expend magic power (3 MP) to strengthen your wands. [mutagenic meat]
  8950 | D:13     | Gained mutation: You are weak. (Str -2) [mutagenic meat]
  9037 | D:13     | Reached skill level 16 in Axes
  9424 | Orc:1    | Entered Level 1 of the Orcish Mines
  9485 | Orc:1    | HP: 4/116 [two-headed ogre/giant club (14)]
  9724 | Orc:2    | Entered Level 2 of the Orcish Mines
  9724 | Orc:2    | Found Vamepro's Antique Armour Emporium.
  9724 | Orc:2    | Noticed an orc warlord
  9937 | D:9      | Found a glowing silver altar of Zin.
  9964 | D:9      | Found Cegomp's Antique Weapon Shoppe.
  9983 | D:9      | HP: 1/116 [death yak (17)]
 10141 | Lair:1   | Entered Level 1 of the Lair of Beasts
 10314 | Lair:1   | Reached skill level 17 in Axes
 10623 | Lair:2   | Reached XP level 14. HP: 87/125 MP: 18/23
 10687 | Lair:2   | Learned a level 2 spell: Passwall
 10795 | Lair:2   | Lost mutation: You are weak. (Str -2) [potion of mutation]
 10795 | Lair:2   | Lost mutation: You expend magic power (3 MP) to strengthen your wands. [potion of mutation]
 10795 | Lair:2   | Gained mutation: Your mind is acute. (Int +2) [potion of mutation]
 10795 | Lair:2   | Gained mutation: You have sharp toenails. [potion of mutation]
 11168 | Lair:3   | Noticed Rupert
 11196 | Lair:3   | Slain by Rupert

Vault maps used:
D:1:      dpeg_arrival_pits, chequers_big_river
D:2:      minmay_diamond_boxcup, first_bread, fedhas_altar_4
D:3:      nicolae_overflow_hidden_temple, old_standard_altar,
          ashenzari_conservatory_becter,
          chequers_temple_overflow_statue_of_worship, small_statue_intersection
D:4:      temple_green
D:5:      led_xom_imps
D:6:      basic_altar, minmay_gold_behind_fungi, uniq_prince_ribbit1
D:7:      lightli_ossuary_entry_decrepit_ruins, uniq_menkaure
D:9:      dpeg_lair_monsters, serial_shops, shop, basic_altar,
          hangedman_pestilent_swarm, nicolae_ashenzari_panopticon
D:10:     serial_shops, shop, nicolae_shop_trees, kennysheep_mini_moat,
          nicolae_shop_behind_doors, serial_undead, serial_undead_c,
          serial_undead_f, serial_undead_a, serial_undead_c
D:11:     kennysheep_small_square
D:12:     kennysheep_orc_monster_closet_entryway, enter_bailey_2
D:13:     cheibrodos_orc_bank, david_vaults_4, minivault_7
D:14:     abandoned_shop
D:15:     grunt_enter_depths_hoard, serial_shops, shop_fountains,
          bh_walls_and_bars, basic_altar
Lair:1:   st_stairs_11, grunt_megastairs_1
Lair:2:   wad_woods_03, grunt_megastairs_4
Lair:3:   uniq_gastronok, uniq_fannar, uniq_rupert
Orc:1:    basic_altar
Orc:2:    grunt_orc_gardens, grunt_orc_garden, grunt_orc_garden,
          grunt_orc_garden, grunt_orc_garden, serial_shops, shop,
          guppyfry_orc_lava_fort
Ossuary:  ossuary_minmay_tomb_2a
Bailey:   bailey_axe_1, bailey

Skill      XL: |  1  2  3  4  5  6  7  8  9 10 11 12 13 14 |
---------------+-------------------------------------------+-----
Axes           | 3 4 5 6 7 8 11 12 14 15 17 | 17.6
Dodging        | 2 3 4 5 6 7 9 |  9.1
Fighting       | 3 4 5 6 8 9 10 11 12 | 12.3
Armour         | 2 3 4 5 |  5.2
Invocations    | 1 2 3 4 5 7 9 10 11 12 13 | 13.3
Evocations     | 4 6 |  6.0
Throwing       | |  0.8
Spellcasting   | |  1.5
Translocations | |  2.4

Action                   |  1- 3 |  4- 6 |  7- 9 | 10-12 | 13-15 || total
-------------------------+-------+-------+-------+-------+-------++-------
Melee: Hand axe          |    96 |   154 |   406 |   670 |   307 ||  1633
       Battleaxe         |       |       |       |       |   116 ||   116
       Kick              |       |       |       |       |    33 ||    33
Invok: Lesser Healing    |       |     2 |    40 |    55 |    55 ||   152
       Heal Other        |       |       |       |    22 |    28 ||    50
       Purification      |       |       |       |     2 |       ||     2
       Divine Vigour     |       |       |       |     1 |       ||     1
       Greater Healing   |       |       |       |       |     1 ||     1
Evoke: Wand              |       |       |       |    18 |     5 ||    23
       Lightning rod     |       |       |       |       |     7 ||     7
       Fan of gales      |       |       |       |       |     1 ||     1
       Phantom mirror    |       |       |       |       |     1 ||     1
  Use: Scroll            |       |     6 |     6 |    12 |     6 ||    30
       Potion            |       |     2 |     3 |       |     5 ||    10
 Stab: Distracted        |       |     1 |       |       |       ||     1
       Paralysed         |       |       |       |    63 |       ||    63
  Eat: Chunk             |       |     8 |     1 |     3 |     8 ||    20
       Royal jelly       |       |       |     3 |     6 |     1 ||    10
       Meat ration       |       |       |     1 |     2 |     3 ||     6
       Fruit             |       |       |     4 |     2 |     4 ||    10
Armor: Leather armour    |    24 |    20 |       |       |       ||    44
       Ring mail         |       |     7 |    61 |       |    53 ||   121
       Chain mail        |       |       |   114 |   218 |       ||   332
       Skin              |       |       |       |       |     9 ||     9
Dodge: Dodged            |    45 |   103 |   232 |   313 |   232 ||   925
       Deflected         |       |     5 |     3 |    48 |     1 ||    57
